 Dungeon Crawl Stone Soup version 0.18.1-50-g88ac8fd (webtiles) character file.

841 Patate the Covert (level 7, -1/35 HPs)
             Began as a Spriggan Assassin on Oct 27, 2016.
             Slain by Duvessa
             ... wielding a +0 short sword
              (9 damage)
             ... on level 4 of the Dungeon.
             The game lasted 00:26:59 (5217 turns).

Patate the Covert (Spriggan Assassin)               Turns: 5217, Time: 00:27:00

Health: -1/35      AC:  3    Str:  7    XL:     7   Next: 67%
Magic:  8/8        EV: 17    Int: 12    God:
Gold:   273        SH:  0    Dex: 20    Spells: 0 memorised, 6 levels left

rFire  . . .     SeeInvis +     a - +3 dagger
rCold  . . .     Gourm    .     c - +0 robe
rNeg   . . .     Faith    .     (shield restricted)
rPois  .         Spirit   .     (helmet restricted)
rElec  .         Dismiss  .     d - +0 cloak
rCorr  .         Reflect  .     (gloves unavailable)
SustAt .         Harm     .     (boots unavailable)
MR     +....                    t - amulet of regeneration
Stlth  ++++++....               (no ring)
                                (no ring)

@: very quick, somewhat resistant to hostile enchantments, very stealthy
A: unfitting armour, see invisible, herbivore 3, speed 3, slow metabolism 2
a: no special abilities


You were on level 4 of the Dungeon.
You were hungry.

You visited 1 branch of the dungeon, and saw 6 of its levels.

You collected 273 gold pieces.

Inventory:

Hand Weapons
 a - a +3 dagger (weapon)
 b - a +0 blowgun
Missiles
 e - 6 poisoned needles
 f - 2 curare-tipped needles
Armour
 c - a +0 robe (worn)
 d - a +0 cloak (worn)
Jewellery
 t - an amulet of regeneration (around neck)
 D - an uncursed ring of wizardry
Wands
 A - a wand of flame (23/48)
Scrolls
 j - a scroll of fog
 k - 2 scrolls of teleportation
 m - 2 scrolls of enchant weapon
 v - 5 scrolls of remove curse
Potions
 h - a potion of mutation {unknown}
 l - a potion of cure mutation
 p - a potion of agility
 q - 3 potions of flight
 s - 2 potions of brilliance
 u - a potion of resistance
 B - a potion of invisibility {unknown}
 G - a potion of might {unknown}
Books
 C - a book of Envenomations

   Spells                             Type                      Level
   a - Spider Form                    Transmutation/Poison         3
   b - Olgreb's Toxic Radiance        Poison                       4
   c - Alistair's Intoxication        Transmutation/Poison         5
   d - Poisonous Cloud                Conjuration/Poison/Air       6
Comestibles
 g - 3 bread rations
 i - a slice of pizza
 n - a royal jelly
 r - a fruit


   Skills:
 + Level 2.9 Fighting
 * Level 4.9 Short Blades
 - Level 2.0 Throwing
 - Level 1.5 Dodging
 - Level 12.0 Stealth


You had 6 spell levels left.
You didn't know any spells.

Dungeon Overview and Level Annotations

Branches:
Dungeon (6/15)
 Temple: D:4-7

Altars:
Cheibriados
Elyvilon
Fedhas
Gozag
Pakellas
Zin

Shops:
D:4 !

Annotations:
D:4 S. potion curing / invi, Duvessa
D:5 Drunkenshrew's ghost, novice DsFi
D:6 Pikel


Innate Abilities, Weirdness & Mutations

You are tiny and cannot use many weapons and most armour.
You have supernaturally acute eyesight.
You are a herbivore.
You cover ground extremely quickly.
You need consume almost no food.


Message History

Evoking this partially-identified wand wasted a few charges.
Duvessa hits you with a short sword!
a - a +3 dagger (weapon)
Duvessa hits you with a short sword.
You hit Duvessa.
Duvessa is heavily wounded.
Duvessa hits you with a short sword!
* * * LOW HITPOINT WARNING * * *
Drink which item? (? for menu, Esc to quit)
You feel better.
Duvessa says, "The sword shall overcome grief!"
Duvessa hits you with a short sword. Duvessa hits you with a short sword!
* * * LOW HITPOINT WARNING * * *
Duvessa looks more healthy.
You hit Duvessa.
Duvessa is heavily wounded.
You hit Duvessa.
Duvessa is heavily wounded.
Duvessa hits you with a short sword!
You die...

....##...##..##.......#
....##...##.....>[....#
....#........######...#
....#........#....##'##
....#........#....#...#
....#........#....#...#
....#....##..#....#...#
....#...(#####..<.#...#
....#....(...#.e@.######
....#...(..(.'.........#
....#....##'##.........#
....#....##..#.........#
....#.....#..#.........#
....#.....#..#.........#
....##...##..#.........#
##..###+###..#....######
.#..##...+...#....#


You could see Duvessa.

Vanquished Creatures
  Sigmund (D:5)
  A phantom (D:4)
  A giant frog (D:4)
  Blork the orc (D:5)
  Dowan (D:5)
  A hound (D:4)
  A centaur skeleton (D:4)
  An orc wizard (D:5)
  An iguana (D:4)
  Ijyb (D:2)
  3 worker ants
  Robin (D:3)
  A worker ant zombie (D:5)
  8 adders
  3 oozes
  2 dart slugs (D:1)
  3 giant geckos
  4 orcs
  3 giant cockroaches
  13 goblins
  9 hobgoblins
  13 jackals
  A quokka (D:3)
  3 ball pythons
  4 bats
  A giant newt (D:2)
  8 kobolds
  2 rats
92 creatures vanquished.

Notes
Turn   | Place    | Note
--------------------------------------------------------------
     0 | D:1      | Patate the Spriggan Assassin began the quest for the Orb.
     0 | D:1      | Reached XP level 1. HP: 10/10 MP: 2/2
    20 | D:1      | Reached skill level 6 in Stealth
    84 | D:1      | Reached XP level 2. HP: 9/14 MP: 3/3
   236 | D:1      | Reached skill level 7 in Stealth
   701 | D:2      | Reached XP level 3. HP: 17/18 MP: 4/4
   710 | D:2      | Found a snail-covered altar of Cheibriados.
   744 | D:2      | Reached skill level 8 in Stealth
   882 | D:2      | Reached XP level 4. HP: 19/22 MP: 5/5
   972 | D:2      | Noticed Robin
  1305 | D:2      | Noticed Ijyb
  1333 | D:2      | Killed Ijyb
  1333 | D:2      | Reached skill level 9 in Stealth
  1672 | D:3      | Killed Robin
  1852 | D:3      | Found an opulent altar of Gozag.
  2027 | D:3      | Reached XP level 5. HP: 25/25 MP: 6/6
  2571 | D:4      | Noticed a phantom
  2576 | D:4      | Killed a phantom
  2576 | D:4      | Reached skill level 10 in Stealth
  2625 | D:4      | Found Bouniucw's Distillery.
  2968 | D:4      | Found a glowing silver altar of Zin.
  2981 | D:4      | Reached skill level 11 in Stealth
  2981 | D:4      | Reached XP level 6. HP: 30/30 MP: 7/7
  2991 | D:4      | Found a white marble altar of Elyvilon.
  3401 | D:5      | Entered Level 5 of the Dungeon
  3464 | D:5      | Noticed Drunkenshrew's ghost (novice DsFi)
  3610 | D:5      | Found an oddly glowing altar of Pakellas.
  3666 | D:5      | Noticed Blork the orc
  3708 | D:5      | Killed Blork the orc
  4095 | D:5      | Noticed Sigmund
  4211 | D:5      | Reached skill level 12 in Stealth
  4272 | D:5      | Killed Sigmund
  4272 | D:5      | Reached XP level 7. HP: 35/35 MP: 8/8
  4338 | D:5      | Found a blossoming altar of Fedhas.
  4944 | D:5      | Noticed Dowan
  4945 | D:5      | Noticed Duvessa
  4994 | D:6      | Noticed Pikel
  5160 | D:5      | Killed Dowan
  5179 | D:4      | HP: 1/35 [Duvessa/short sword (14)]
  5217 | D:4      | Slain by Duvessa

Skill      XL: |  1  2  3  4  5  6  7 |
---------------+----------------------+-----
Stealth        | 6 7 8 9 11 12 | 12.0
Fighting       | 2 |  2.9
Short Blades   | 3 4 |  4.9
Throwing       | |  2.0
Dodging        | |  1.5

Action                   |  1- 3 |  4- 6 |  7- 9 || total
-------------------------+-------+-------+-------++-------
Melee: Dagger            |   105 |   156 |    75 ||   336
 Fire: Blowgun           |       |    75 |    44 ||   119
Evoke: Wand              |       |     3 |     6 ||     9
  Use: Scroll            |       |    14 |       ||    14
       Potion            |       |     1 |     5 ||     6
 Stab: Sleeping          |    11 |    12 |     2 ||    25
       Distracted        |       |     2 |     2 ||     4
  Eat: Fruit             |       |       |     1 ||     1
Armor: Robe              |    16 |    26 |     4 ||    46
Dodge: Dodged            |    70 |   134 |    50 ||   254
